AoeStats
← tonyborder

QS Arena

503584564Analyzed
3v3 RM · 1mo ago on Sep 1, 2026· 29m 47s· 6 players
Game mode
Random Map
Map size
Normal (6 player)
Population
200
Speed
Normal
Resources
Standard
Victory
Conquest
Starting age
Dark Age
Ending age
Imperial Age
RankedLock teamsTeams togetherTeam positionsShared explorationLock speedFull tech treeHidden civsTurbo modeCheats
Victory
Defeat
🇨🇳 Teutons · China
984
+12
🇨🇳 Jurchens · China
964
+13
🇦🇷 Persians · Argentina
949
+14
🇦🇺 Persians · Australia
940
-15
🇦🇺 Khmer · Australia
897
-13
🇦🇺 Britons · Australia
856
-11
followmyganksorfeed
8:34 Feudal Age
12:50 Castle Age
14:59 Double-Bit Axe
23:34 Bow Saw
23:20 Horse Collar
24:27 Gold Mining
26:42 Wheelbarrow
BK
7:46 Feudal Age
10:35 Double-Bit Axe
16:49 Castle Age
19:20 Loom
22:20 Crossbowman
25:08 Man-at-Arms
Raven
8:07 Feudal Age
8:56 Double-Bit Axe
9:59 Horse Collar
14:05 Castle Age
15:31 Wheelbarrow
14:51 Gold Mining
14:52 Stone Mining
15:24 Bow Saw
18:13 Fletching
19:19 Loom
21:38 Caravan
22:44 Bodkin Arrow
23:55 Heavy Plow
GucciStone666
1:10 Loom
9:36 Feudal Age
9:58 Horse Collar
10:06 Double-Bit Axe
10:17 Gold Mining
15:24 Castle Age
13:56 Stone Mining
15:24 Town Watch
17:40 Wheelbarrow
17:34 Heavy Plow
23:02 Forging
23:33 Bow Saw
23:54 Scale Barding Armor
tonyborder
0:29 Loom
9:15 Feudal Age
13:18 Castle Age
11:39 Horse Collar
12:33 Double-Bit Axe
22:31 Heavy Plow
22:45 Bow Saw
27:59 Imperial Age
26:28 Husbandry
26:41 Bloodlines
26:42 Scale Barding Armor
26:54 Forging
28:07 Gold Mining
27:42 Cavalier
28:49 Chain Barding Armor
29:05 Iron Casting
29:46 Wheelbarrow
30:58 Gold Shaft Mining
伐伐伐伐伐木工
9:33 Feudal Age
11:18 Horse Collar
13:39 Castle Age
11:42 Double-Bit Axe
15:47 Heavy Plow
18:29 Loom
23:13 Bow Saw
22:57 Gold Mining
28:06 Imperial Age
25:20 Pikeman
26:12 Elite Skirmisher
27:25 Bloodlines
27:30 Scale Barding Armor
27:35 Forging
28:09 Wheelbarrow
30:03 Hand Cart
Connection lost

Rejoining the realm…

Still unreachable

The connection could not be restored.

Session expired

The server has moved on; the page needs a fresh start.